 Dungeon Crawl Stone Soup version 0.26-a0-812-g31a745ddcd (webtiles) character file.

Game seed: 376874477950476821

145 kae the Insei (level 5, 0/29 HPs)
             Began as a Tengu Transmuter on Nov 16, 2020.
             Slain by a gnoll
             ... wielding a +0 halberd
              (8 damage)
             ... on level 3 of the Dungeon.
             The game lasted 00:02:11 (3166 turns).

kae the Insei (Tengu Transmuter)                    Turns: 3166, Time: 00:02:12

Health: 0/29       AC:  2    Str: 12    XL:     5   Next: 27%
Magic:  7/9        EV: 24    Int: 13    God:
Gold:   121        SH:  0    Dex: 19    Spells: 4/8 levels left

rFire    . . .     SeeInvis .     - Unarmed
rCold    . . .     Faith    .   (shield currently unavailable)
rNeg     . . .     Spirit   .   (armour currently unavailable)
rPois    x         Reflect  .   (helmet currently unavailable)
rElec    .         Harm     .   (cloak currently unavailable)
rCorr    .         Rampage  .   (gloves currently unavailable)
MR       .....                  (boots unavailable)
Stlth    ++........             (no amulet)
HPRegen  0.09/turn              (no ring)
MPRegen  0.11/turn              (no ring)

@: spider-form (expiring), flying quickly and evasively, quick
A: tiny, able to fly
a: Stop Flying, End Transformation


You were on level 3 of the Dungeon.
You were a venomous arachnid creature.
You visited 1 branch of the dungeon, and saw 3 of its levels.

You collected 121 gold pieces.

Inventory:

Hand Weapons
 c - a +2 dagger of electrocution (melded)
Armour
 a - a +0 robe
 m - a cursed +0 leather armour (melded)
Scrolls
 d - 2 scrolls of teleportation
 f - 4 scrolls of remove curse {unknown}
 g - 2 scrolls of noise {unknown}
 h - 4 scrolls of identify {unknown}
 i - a scroll of fear {unknown}
 o - a scroll of immolation {unknown}
Potions
 b - 6 potions of curing {unknown}
 e - 3 potions of resistance {unknown}
 j - 2 potions of brilliance {unknown}
 k - a potion of flight {unknown}
 l - 2 potions of magic {unknown}
 n - a potion of degeneration {unknown}
 p - a potion of mutation {unknown}


   Skills:
 - Level 1.0 Fighting
 - Level 2.1 Dodging
 + Level 4.5 Unarmed Combat
 - Level 2.0 Spellcasting
 * Level 3.7 Transmutations


You had 4 spell levels left.
You knew the following spells:

 Your Spells              Type           Power        Failure   Level
a - Beastly Appendage     Tmut           ##....       16%         1
b - Spider Form           Tmut/Pois      #.........   56%         3

Your spell library contained the following spells:

 Spells                   Type           Power        Failure   Level
 Wereblood                Tmut           ##......     22%         2
 Ice Form                 Ice/Tmut       #.......     89%         4
 Blade Hands              Tmut           ##........   94%         5


Dungeon Overview and Level Annotations

Branches:
Dungeon (3/15)

Altars:
Ashenzari
Trog
Yredelemnul


Innate Abilities, Weirdness & Mutations

((You have a beak for a mouth.))
((You have claws for feet.))
You can fly continuously.


Message History

The gnoll is lightly wounded.
The gnoll completely misses you.
You hit the gnoll.
The gnoll is poisoned.
The gnoll is moderately wounded.
The gnoll hits you with a +0 halberd!
You are too injured to fight recklessly!
You are too injured to fight recklessly!
You are too injured to fight recklessly!
You are too injured to fight recklessly!
You are too injured to fight recklessly!
You are too injured to fight recklessly!
You hit the gnoll.
The gnoll looks even sicker.
The gnoll is heavily wounded.
A gnoll comes into view.
The gnoll hits you with a +0 halberd!
* * * LOW HITPOINT WARNING * * *
You barely miss the gnoll.
The gnoll is heavily wounded.
The gnoll hits you from afar with a +0 halberd!
You die...

##########
#........#
#........#
#....g..$### .
###........#####(#
........s..........
#.####.##<......#
#. ###).#..# ###.
#..##.#.#
....####........
#...........#. .
#......###..# ..
#......# ...# ..(
#....### #.#


You could see a gnoll (very poisoned).

Vanquished Creatures
  An orc priest (D:2)
  A worker ant (D:3)
  2 adders
  2 worms (D:2)
  2 dart slugs
  4 leopard geckos
  3 orcs (D:2)
  3 giant cockroaches
  2 gnoll zombies (D:2)
  4 goblins
  10 hobgoblins
  3 jackals (D:1)
  2 kobolds (D:2)
  2 ball pythons (D:1)
  4 bats
  2 frilled lizards (D:2)
  7 rats
54 creatures vanquished.

Notes
Turn   | Place    | Note
-------+----------+-------------------------------------------
     0 | D:1      | kae the Tengu Transmuter began the quest for the Orb.
     0 | D:1      | Reached XP level 1. HP: 12/12 MP: 4/4
    53 | D:1      | Reached XP level 2. HP: 9/16 MP: 4/6
   671 | D:1      | You fall into a shaft and drop 1 floor!
   842 | D:1      | Reached XP level 3. HP: 20/20 MP: 5/7
  1078 | D:2      | Learned a level 3 spell: Spider Form
  1661 | D:2      | Found a basalt altar of Yredelemnul.
  1707 | D:2      | Reached skill level 4 in Unarmed Combat
  1730 | D:2      | Reached XP level 4. HP: 22/25 MP: 8/8
  1767 | D:2      | Found a bloodstained altar of Trog.
  2175 | D:3      | Found a broken altar of Ashenzari.
  2553 | D:2      | Gained mutation: You can fly continuously. [Tengu growth]
  2553 | D:2      | Reached XP level 5. HP: 18/29 MP: 9/9
  3166 | D:3      | Slain by a gnoll

Illustrated notes

Levels and vault maps discovered:
D:1:      wander_arrival_abandoned_jail, layout_basic, hex_intersection,
          minmay_octomino_c4
D:2:      layout_basic, lemuel_zombie_altar_yredelemnul, hangedman_decor_push,
          minivault_23, moated_statue, trog_butcher_becter
D:3:      layout_basic, ashenzari_altar_1, minmay_quantized

Skill      XL: |  1  2  3 |
---------------+----------+-----
Transmutations | 2 3 |  3.7
Unarmed Combat | 4 |  4.5
Fighting       | |  1.0
Dodging        | |  2.1
Spellcasting   | |  2.0

Action                   |  1- 3 |  4- 6 || total
-------------------------+-------+-------++-------
Melee: Unarmed           |    22 |    11 ||    33
       Kick              |    15 |     5 ||    20
       Dagger            |    49 |    39 ||    88
       Headbutt          |     5 |     2 ||     7
       Peck              |     7 |     4 ||    11
       Punch             |     2 |       ||     2
 Cast: Beastly Appendage |    15 |     6 ||    21
       Spider Form       |       |     4 ||     4
 Abil: Fly               |       |     1 ||     1
  Use: Scroll            |       |     1 ||     1
 Stab: Sleeping          |     1 |       ||     1
Armor: Robe              |     9 |       ||     9
       Leather armour    |     6 |     5 ||    11
Dodge: Dodged            |    40 |    44 ||    84

Table legend: (Time is in decaauts)
 A = Elapsed time spent in this place.
 B = Non-inter-level travel time spent in this place.
 C = Inter-level travel time spent in this place.
 D = Time resting spent in this place.
 E = Time spent auto-exploring this place.
 F = Levels seen in this place.
 G = Mean time per level.
                   A        B        C        D        E       F      G
               +--------+--------+--------+--------+--------+-----+--------+
         Total |   3168 |   3116 |     52 |    723 |   2019 |   3 | 1056.0 |
       Dungeon |   3168 |   3116 |     52 |    723 |   2019 |   3 | 1056.0 |
               +--------+--------+--------+--------+--------+-----+--------+

Top non-repeatable levels by time:
     D:2: 1830 daAuts
     D:1: 1011 daAuts
     D:3: 326 daAuts
